 Dungeon Crawl Stone Soup version 0.27.1 (webtiles) character file.

Game seed: 4422736128175360593

21 Malachi the Sneak (level 2, -3/22 HPs)
             Began as a Naga Hedge Wizard on Aug 25, 2021.
             Was a Follower of Fedhas.
             Slain by a gnoll (5 damage)
             ... on level 2 of the Dungeon.
             The game lasted 00:01:25 (1002 turns).

Malachi the Sneak (Naga Hedge Wizard)               Turns: 1002, Time: 00:01:26

Health: -3/22      AC:  1    Str: 12    XL:     2   Next: 87%
Magic:  1/6        EV:  9    Int: 14    God:    Fedhas [*.....]
Gold:   38         SH:  0    Dex: 10    Spells: 4/7 levels left

rFire    . . .     SeeInvis +   a - +0 dagger
rCold    . . .     Faith    .   (no shield)
rNeg     . . .     Spirit   .   b - +0 robe
rPois    +         Reflect  .   c - +0 hat
rElec    .         Harm     .   (no cloak)
rCorr    .         Rampage  .   (no gloves)
Will     .....                  (no barding)
Stlth    ++........             (no amulet)
HPRegen  0.07/turn              (no ring)
MPRegen  0.10/turn              (no ring)

@: short of breath, very slow
A: AC +0, large, see invisible, deformed body, poison resistance, slowness 2,
spit poison 1, naga tail 1
a: Spit Poison, Renounce Religion


You were on level 2 of the Dungeon.
You worshipped Fedhas.
Fedhas was aware of your devotion.
You visited 1 branch of the dungeon, and saw 2 of its levels.

You collected 38 gold pieces.

Inventory:

Hand Weapons
 a - a +0 dagger (weapon)
Armour
 b - a +0 robe (worn)
 c - a +0 hat (worn)
Scrolls
 g - a scroll of enchant weapon {unknown}
Potions
 d - a potion of curing {unknown}
 e - a potion of haste {unknown}
 f - a potion of heal wounds {unknown}


   Skills:
 + Level 1.6 Dodging
 + Level 3.6 Stealth
 + Level 3.4 Spellcasting
 + Level 1.4 Conjurations
 + Level 1.0 Summonings
 + Level 1.0 Translocations


You had 4 spell levels left.
You knew the following spells:

 Your Spells              Type           Power      Damage    Failure   Level
a - Magic Dart            Conj           24%        1d4       12%         1
b - Blink                 Tloc           N/A        N/A       21%         2

Your spell library contained the following spells:

 Spells                   Type           Power      Damage    Failure   Level
 Call Imp                 Summ           5%         N/A       21%         2
 Slow                     Hex            2%         N/A       30%         2
 Conjure Flame            Conj/Fire      4%         6-21      43%         3
 Mephitic Cloud           Conj/Pois/Air  3%         N/A       45%         3


Dungeon Overview and Level Annotations

Branches:
Dungeon (2/15)

Altars:
Fedhas


Innate Abilities, Weirdness & Mutations

Your serpentine skin is tough. (AC +0)
You have supernaturally acute eyesight. (SInv)
Armour fits poorly on your strangely shaped body.
Your system is resistant to poisons. (rPois)
You cover ground very slowly.
You can spit poison.
You have a snake-like lower body.


Message History

A gnoll comes into view. It is wielding a +0 club.
A gnoll is nearby!
A gnoll is nearby!
A gnoll is nearby!
Aiming: Magic Dart (safe; 12% risk of failure)
Press: ? - help, Q - select action, (/) - cycle Shift-Dir - straight line, f - gnoll
Aim: a gnoll, wielding a +0 club (wandering, hasn't noticed you, 100% to hit)
The magic dart hits the gnoll.
The gnoll is lightly wounded.
The gnoll shouts!
You hear a shout!
Unknown command.
A gnoll comes into view. It is wielding a +0 whip.
The gnoll shouts!
Aiming: Magic Dart (safe; 12% risk of failure)
Press: ? - help, Q - select action, (/) - cycle Shift-Dir - straight line, f/p - gnoll
Aim: a gnoll, wielding a +0 club (100% to hit)
The magic dart hits the gnoll.
The gnoll is moderately wounded.
Press: ? - help, Shift-Dir - straight line, f/p - gnoll
Aim: a gnoll, wielding a +0 club (moderately wounded)
The splash of poison hits the gnoll.
The gnoll is heavily wounded.
The gnoll hits you with a +0 club!
Unknown command.
You hit the gnoll but do no damage.
The gnoll is heavily wounded.
The gnoll completely misses you.
You hit the gnoll.
The gnoll is severely wounded.
The gnoll hits you with a +0 club!
* * * LOW HITPOINT WARNING * * *
You closely miss the gnoll.
The gnoll is severely wounded.
The gnoll closely misses you.
You barely miss the gnoll.
The gnoll is severely wounded.
The gnoll hits you with a +0 club.
You die...
Fedhas appreciates your contribution to the ecosystem.

##............#
............#.####
...####..........#
...#...##########
......#.#
.........#.#.#######
........ #...).....#
........ ###.###...#
........ ##@.#.....#
.gg..# #.g...#####
...# #..####
##.###..# #..g....#
#.#.###.# #..#.# #.#
#..##.# #.# ...# #..
#.#


You could see a gnoll.

Vanquished Creatures
  2 dart slugs
  A goblin (D:1)
  2 jackals (D:1)
  7 kobolds
  2 quokkas (D:1)
  2 rats
16 creatures vanquished.

Notes
Turn   | Place    | Note
-------+----------+-------------------------------------------
     0 | D:1      | Malachi the Naga Hedge Wizard began the quest for the Orb.
     0 | D:1      | Reached XP level 1. HP: 15/15 MP: 4/4
   218 | D:1      | Reached XP level 2. HP: 22/22 MP: 1/6
   335 | D:1      | Learned a level 2 spell: Blink
   733 | D:1      | Found a faded altar of an unknown god.
   759 | D:1      | Became a worshipper of Fedhas Madash
   759 | D:1      | Reached * piety under Fedhas
  1002 | D:2      | Slain by a gnoll

Illustrated notes

Levels and vault maps discovered:
D:1:      eino_arrival_cavern_b, layout_loops_ring, serial_glass,
          glass_columns_a, glass_columns_a, glass_columns_c, glass_columns_b,
          hellmonk_ecumenical_altar_dog_temple
D:2:      layout_rooms

Action                   || total
-------------------------++-------
Melee: Dagger            ||     8
 Cast: Magic Dart        ||    42
 Abil: Spit Poison       ||     3
Dodge: Dodged            ||     5
